 Dungeon Crawl Stone Soup version 0.31-a0-45-g5f0c076935 (webtiles) character file.

Game seed: 9627599717447329865

1 Hades the Sneak (level 1, 0/16 HPs)
             Began as a Vampire Brigand on May 21, 2023.
             Slain by a ball python (2 damage)
             ... on level 1 of the Dungeon.
             The game lasted 00:00:23 (42 turns).

Hades the Sneak (Vampire Brigand)                     Turns: 42, Time: 00:00:23

Health: 0/16       AC:  3    Str: 10    XL:     1   Next: 16%
Magic:  1/1        EV:  9    Int: 13    God:
Gold:   0          SH:  0    Dex: 15    Spells: 0/0 levels left

rFire   . . .        a - +2 dagger
rCold   . . .        (no shield)
rNeg    . . .        b - +0 robe
rPois   .            (no helmet)
rElec   .            c - +0 cloak
rCorr   .            (no gloves)
SInv    +            (no boots)
Will    .....        (no amulet)
Stlth   +++          (no ring)
HPRegen 0.42/turn    (no ring)
MPRegen 0.07/turn

%: no passive effects
@: healing quickly, constricted
A: alive, fangs 3, see invisible, vampiric 1
a: Exsanguinate


You were on level 1 of the Dungeon.
You visited 1 branch of the dungeon, and saw 1 of its levels.

Inventory:

Hand Weapons
 a - a +2 dagger (weapon)
Missiles
 d - 9 poisoned darts (quivered)
 e - 3 curare-tipped darts
Armour
 b - a +0 robe (worn)
 c - a +0 cloak (worn)


   Skills:
 + Level 1.7 Fighting
 + Level 2.1 Short Blades
 + Level 1.5 Throwing
 + Level 1.1 Dodging
 + Level 6.0 Stealth


You couldn't memorise any spells.
You didn't know any spells.
Your spell library was empty.

Dungeon Overview and Level Annotations

Branches:
Dungeon (1/15)

Altars:


Innate Abilities, Weirdness & Mutations

Your natural rate of healing is accelerated.
You have razor-sharp teeth.
You have supernaturally acute eyesight. (SInv)
You are afflicted with vampirism.


Message History

The quokka closely misses you.
You hit the quokka but do no damage. Your bite misses the quokka.
The quokka is moderately wounded.
The hobgoblin hits you but does no damage.
The ball python bites you. The ball python grabs you.
The ball python constricts you. The quokka bites you.
You barely miss the quokka.
The quokka is moderately wounded.
The hobgoblin barely misses you. The quokka completely misses you.
The ball python closely misses you. The ball python constricts you.
You hit the quokka.
You kill the quokka!
The hobgoblin hits you.
The ball python bites you but does no damage.
The ball python constricts you.
Your Stealth skill increases to level 6!
You escape the ball python's grasp.
The hobgoblin barely misses you. The ball python barely misses you.
The ball python grabs you. The ball python constricts you.
You escape the ball python's grasp.
The hobgoblin hits you.
* * * LOW HITPOINT WARNING * * *
Found 11 gold pieces.
The ball python barely misses you. The ball python grabs you.
The ball python constricts you. The ball python bites you.
* * * LOW HITPOINT WARNING * * *
The ball python constricts you.
* * * LOW HITPOINT WARNING * * *
You escape the ball python's grasp.
The hobgoblin attacks as you move away! The hobgoblin closely misses you.
Found a scroll labelled OKHLARCH GAVYR.
The ball python misses you. The ball python closely misses you.
The ball python misses you.
Keep bloodletting? [Y]es or [N]o only, please.
Keep bloodletting?
The ball python grabs you. The ball python constricts you.
* * * LOW HITPOINT WARNING * * *
You begin bloodletting.
You continue bloodletting.
The ball python bites you.
You die...

..#....## ...
......#. ....
#.....?. ....
.$..#.# ..... ...#.#
.....# #.##.#
#....##.##.#
#.$.....gS@#
#......>######...
#..#.#.##........
#..#.#....####...
#.........##########
##.#......#≈♣~P~~.<#
..####...#♣P~.....#
## #...'.....~P~#
#...#~P.~P♣♣P#


You could see a hobgoblin and a ball python.

Vanquished Creatures
  A quokka (D:1)
1 creature vanquished.

Notes
Turn   | Place    | Note
-------+----------+-------------------------------------------
     0 | D:1      | Hades the Vampire Brigand began the quest for the Orb.
     0 | D:1      | Reached XP level 1. HP: 16/16 MP: 1/1
    35 | D:1      | Reached skill level 6 in Stealth
    42 | D:1      | Slain by a ball python

Illustrated notes

Levels and vault maps discovered:
D:1:      tarquinn_simple_flora_water_f, layout_basic,
          shapermc_ecumenical_altar_ellora, minmay_misc_feat_hallway

Skill      XL: |  1 |
---------------+----+-----
Stealth        | 6 |  6.0
Fighting       | |  1.7
Short Blades   | |  2.1
Throwing       | |  1.5
Dodging        | |  1.1

Action                     || total
---------------------------++-------
  Melee: Dagger            ||     6
Ability: Exsanguinate      ||     1
 Armour: Robe              ||     2
  Dodge: Dodged            ||    13

Table legend: (Time is in decaauts)
 A = Elapsed time spent in this place.
 B = Non-inter-level travel time spent in this place.
 C = Inter-level travel time spent in this place.
 D = Time resting spent in this place.
 E = Time spent auto-exploring this place.
 F = Levels seen in this place.
 G = Mean time per level.
                   A        B        C        D        E       F      G
               +--------+--------+--------+--------+--------+-----+--------+
         Total |     42 |     42 |      0 |      0 |      0 |   1 |   42.0 |
       Dungeon |     42 |     42 |      0 |      0 |      0 |   1 |   42.0 |
               +--------+--------+--------+--------+--------+-----+--------+

Top non-repeatable levels by time:
     D:1: 42 daAuts
